Map: Orbital Shipyard

Players

MCanning - Winner!

  • Race: Protoss Protoss
  • League: Grandmaster

Mechwarper

  • Race: Terran Terran
  • League: Grandmaster

VOD

http://www.twitch.tv/mcanning/v/33124982

Description

Time

  • Played on: Jan. 2, 2016, 3:35 a.m.
  • Length: 20:26
Show
View Real Time Build Order
Export as new Build Order

MCanning Protoss - Winner!

Build Orders: 1 Gate Expand, Blink Stalkers 

Get SALT Encoding   

  12  0:02  Probe (Chrono Boost)  
  13  0:12  Probe (Chrono Boost)  
  14  0:19  Pylon  
  14  0:23  Probe (Chrono Boost)  
  15  0:38  Probe (Chrono Boost)  
  15  0:41  Gateway  
  16  0:48  Probe (Chrono Boost)  
  17  0:52  Assimilator  
  17  0:59  Probe (Chrono Boost)  
  18  1:09  Probe (Chrono Boost)  
  19  1:25  Nexus  
  19  1:33  Cybernetics Core  
  19  1:35  Probe (Chrono Boost)  
  20  1:45  Probe (Chrono Boost), Assimilator  
  21  1:56  Probe (Chrono Boost)  
  21  1:59  Pylon  
  22  2:06  Probe (Chrono Boost)  
  22  2:17  Mothership Core (Chrono Boost)  
  22  2:20  Pylon  
  22  2:21  Adept (Chrono Boost)  
  26  2:27  Warp Gate  
  26  2:37  Probe (Chrono Boost)  
  26  2:40  Probe (Chrono Boost)  
  28  2:48  Probe (Chrono Boost)  
  30  2:51  Probe (Chrono Boost)  
  30  2:58  Probe (Chrono Boost)  
  30  3:02  Probe (Chrono Boost)  
  32  3:08  Twilight Council  
  32  3:09  Probe (Chrono Boost)  
  32  3:12  Probe (Chrono Boost)  
  34  3:19  Probe (Chrono Boost)  
  35  3:20  Stalker  
  35  3:23  Probe (Chrono Boost)  
  38  3:30  Probe (Chrono Boost)  
  38  3:33  Probe (Chrono Boost)  
  40  3:35  Pylon  
  40  3:37  Gateway  
  40  3:39  Gateway  
  40  3:41  Probe (Chrono Boost)  
  41  3:43  Probe (Chrono Boost)  
  41  3:45  Blink (Chrono Boost)  
  42  3:51  Probe (Chrono Boost)  
  42  3:52  Probe  
  44  4:03  Probe x2  
  44  4:08  Robotics Facility  
  46  4:13  Probe  
  46  4:15  Probe  
  48  4:18  Pylon  
  48  4:21  Assimilator  
  48  4:24  Probe  
  48  4:26  Assimilator  
  48  4:27  Probe  
  50  4:35  Probe  
  50  4:36  Sentry, Stalker x2  
  50  4:38  Pylon  
  57  4:39  Probe  
  57  4:45  Probe  
  58  4:51  Probe  
  60  4:55  Nexus  
  60  4:57  Probe  
  60  4:58  Observer (Chrono Boost)  
  62  5:03  Nexus  
  62  5:09  Pylon  
  62  5:11  Pylon  
  62  5:15  Gateway  
  62  5:16  Gateway  
  62  5:19  Observer (Chrono Boost)  
  62  5:20  Sentry  
  65  5:22  Stalker  
  67  5:28  Probe  
  67  5:32  Robotics Bay  
  67  5:34  Forge  
  68  5:36  Probe (Chrono Boost)  
  68  5:41  Forge  
  69  5:43  Probe (Chrono Boost)  
  69  5:48  Probe (Chrono Boost)  
  69  5:49  Pylon  
  71  5:53  Stalker x2  
  75  6:02  Probe x2 (Chrono Boost)  
  77  6:09  Stalker  
  79  6:12  Stalker x2, Probe  
  79  6:17  Probe  
  79  6:18  Probe  
  84  6:21  Observer (Chrono Boost)  
  84  6:22  Stalker x2, Probe  
  91  6:26  Protoss Ground Weapons Level 1, Protoss Ground Armor Level 1  
  91  6:27  Probe  
  92  6:33  Adept  
  92  6:35  Adept  
  92  6:36  Adept  
  98  6:44  Disruptor (Chrono Boost), Pylon  
  98  6:45  Probe  
  102  6:50  Adept x2  
  102  6:52  Probe  
  107  6:55  Pylon  
  105  7:06  Stalker x3  
  111  7:09  Assimilator  
  111  7:10  Probe  
  111  7:11  Disruptor (Chrono Boost), Assimilator  
  112  7:17  Probe  
  116  7:23  Gateway  
  116  7:25  Gateway, Pylon  
  116  7:30  Probe, Pylon, Resonating Glaives  
  116  7:35  Probe  
  116  7:36  Stalker x2  
  122  7:40  Photon Cannon  
  122  7:43  Adept x3, Photon Cannon  
  126  7:45  Probe  
  126  7:50  Disruptor  
  128  7:59  Pylon  
  128  8:06  Adept x2  
  128  8:07  Adept x3  
  130  8:21  Disruptor  
  123  8:33  Stalker x2  
  111  8:37  Probe  
  108  8:48  Stalker  
  108  8:49  Stalker x2  
  108  8:50  Protoss Ground Weapons Level 2 (Chrono Boost)  
  114  8:56  Probe  
  114  8:59  Probe, Pylon  
  114  9:00  Pylon  
  114  9:01  Gateway  
  114  9:02  Protoss Ground Armor Level 2 (Chrono Boost), Pylon  
  116  9:04  Gateway  
  116  9:05  Probe  
  116  9:07  Gateway  
  116  9:08  Probe, Gateway  
  118  9:10  Assimilator  
  118  9:11  Probe  
  118  9:13  Disruptor  
  118  9:15  Photon Cannon  
  116  9:28  Stalker  
  116  9:29  Stalker x3  
  124  9:46  Nexus  
  124  9:49  Disruptor, Pylon  
  124  9:52  Pylon  
  127  9:53  Probe  
  127  9:55  Pylon  
  127  9:57  Adept  
  127  9:58  Adept x2  
  134  10:04  Adept  
  134  10:05  Adept x2  
  140  10:12  Dark Shrine, Pylon  
  138  10:26  Stalker x3, Disruptor (Chrono Boost)  
  138  10:27  Stalker x2  
  146  10:32  Probe  
  148  10:37  Probe  
  148  10:40  Pylon  
  149  10:45  Adept  
  149  10:46  Adept x3  
  157  10:58  Protoss Ground Weapons Level 3 (Chrono Boost)  
  157  11:00  Protoss Ground Armor Level 3 (Chrono Boost)  
  157  11:03  Robotics Facility  
  157  11:05  Pylon  
  157  11:23  Stalker x3  
  157  11:24  Stalker x4  
  169  11:26  Disruptor  
  171  11:50  Adept x4  
  171  11:51  Adept x5  
  171  11:52  Adept x2  
  189  11:58  Disruptor (Chrono Boost)  
  189  12:09  Probe, Assimilator  
  189  12:12  Stalker x4  
  189  12:15  Assimilator  
  196  12:23  Probe  
  196  12:24  Probe  
  198  12:30  Stalker  
  200  12:37  Stargate  
  200  12:38  Stargate  
  194  12:49  Probe  
  185  12:57  Disruptor (Chrono Boost)  
  166  13:02  Disruptor (Chrono Boost)  
  136  13:11  Adept x3  
  136  13:12  Adept x7  
  152  13:13  Adept  
  156  13:22  Probe  
  156  13:25  Probe  
  156  13:26  Protoss Shields Level 1  
  155  13:33  Disruptor (Chrono Boost)  
  159  13:35  Probe  
  159  13:38  Disruptor (Chrono Boost)  
  160  13:42  Stalker x4  
  168  14:08  Pylon  
  168  14:16  Disruptor (Chrono Boost)  
  164  14:21  Disruptor (Chrono Boost)  
  154  14:31  Dark Templar x4, Pylon  
  155  14:44  Nexus  
  150  14:46  Pylon x2  
  150  14:52  Zealot x2  
  136  14:54  Disruptor (Chrono Boost)  
  129  15:02  Zealot x2  
  129  15:06  Disruptor (Chrono Boost)  
  135  15:11  Probe  
  136  15:15  Probe  
  83  15:36  Disruptor (Chrono Boost)  
  80  16:03  Dark Templar  
  81  16:17  Probe  
  80  16:27  Probe  
  70  17:17  Adept  
  70  17:18  Adept x3  
  70  17:22  Stalker x3  
  70  17:34  Observer (Chrono Boost)  
  67  17:43  Assimilator  
  67  17:49  Dark Templar, Assimilator  
  69  18:08  Adept x4  
  69  18:12  Probe  
  78  18:19  Probe  
  71  18:35  Adept x3  
  71  18:36  Adept  
  75  18:53  Adept x3  
  77  19:04  Stalker  
  79  19:19  Stalker x3  
  75  19:45  Adept x3  
  69  19:46  Adept  
  69  20:01  Stalker x2  
  73  20:17  Adept x2  
  73  20:18  Adept x2  
Show
View Real Time Build Order
Export as new Build Order

Mechwarper Terran 

Build Orders: Reaper Expand, Bio Mine 

Get SALT Encoding   

  12  0:01  SCV  
  13  0:13  SCV  
  14  0:18  Supply Depot  
  14  0:26  SCV  
  15  0:40  SCV  
  15  0:41  Barracks  
  16  0:48  Refinery  
  16  0:52  SCV  
  17  1:04  SCV  
  18  1:16  SCV  
  19  1:28  Orbital Command  
  19  1:32  Reaper  
  20  1:41  Command Center  
  20  1:54  SCV  
  20  1:57  Supply Depot  
  21  2:02  Barracks  
  21  2:06  Barracks Reactor, SCV  
  22  2:17  Barracks  
  22  2:20  SCV  
  23  2:32  SCV  
  24  2:43  Marine x2  
  26  2:44  SCV  
  27  2:51  Barracks Tech Lab  
  27  2:53  SCV  
  28  3:01  Marine x2  
  30  3:06  Orbital Command  
  30  3:10  SCV  
  30  3:11  Marine  
  30  3:12  Marine  
  33  3:13  Stimpack  
  33  3:18  Marine  
  33  3:19  Factory, Marine  
  35  3:22  SCV  
  35  3:31  Marine  
  35  3:32  Marine  
  37  3:34  SCV x2  
  37  3:36  Marine  
  40  3:44  Supply Depot  
  40  3:46  Supply Depot, SCV  
  40  3:48  Refinery  
  41  3:50  SCV  
  41  3:52  Refinery, Marine x2  
  41  3:54  Marine  
  46  3:59  Barracks Tech Lab  
  45  4:03  Starport  
  45  4:07  SCV  
  45  4:08  SCV  
  47  4:10  Marine  
  47  4:12  Marine  
  49  4:17  Factory Reactor  
  49  4:21  SCV x2  
  49  4:24  Supply Depot  
  51  4:25  Supply Depot  
  51  4:27  Marine x2  
  51  4:28  Marine  
  51  4:29  Combat Shields  
  51  4:30  Marine  
  55  4:35  SCV x2  
  57  4:45  Marine  
  58  4:46  Engineering Bay  
  58  4:51  SCV x2  
  60  5:01  Factory Reactor  
  60  5:03  SCV  
  60  5:04  SCV  
  60  5:05  Medivac x2  
  66  5:08  Marine  
  66  5:09  Marauder x2, Marine  
  66  5:13  Supply Depot  
  72  5:15  SCV  
  72  5:16  SCV  
  72  5:17  Supply Depot  
  74  5:22  Terran Infantry Weapons Level 1  
  74  5:26  Marine  
  75  5:36  Command Center  
  75  5:40  SCV  
  75  5:41  SCV  
  75  5:42  Marauder x2, Marine  
  82  5:44  Marine  
  82  5:46  Widow Mine x2  
  82  5:49  Refinery  
  87  5:54  SCV x2  
  89  6:02  Marine x2  
  89  6:03  Marauder  
  93  6:06  SCV  
  93  6:08  Supply Depot  
  94  6:29  Medivac x2, Widow Mine  
  94  6:30  SCV x2  
  94  6:31  Sensor Tower  
  102  6:33  Barracks  
  102  6:36  Barracks  
  102  6:40  Missile Turret  
  102  6:44  Missile Turret  
  102  6:47  SCV x2, Marine  
  102  6:48  Orbital Command, Marauder  
  102  6:51  Supply Depot  
  107  6:59  SCV x2  
  107  7:05  Orbital Command  
  106  7:11  SCV x2  
  108  7:16  Terran Infantry Armor Level 1, Marauder, Marine x2  
  108  7:17  Widow Mine, Marauder  
  108  7:18  Medivac x2  
  120  7:27  Barracks Reactor, Barracks Tech Lab  
  120  7:31  SCV x2  
  120  7:34  Bunker, Missile Turret, Marine  
  123  7:39  Concussive Shells  
  123  7:41  Marauder  
  125  8:05  Marauder  
  125  8:08  SCV, Marine  
  125  8:09  SCV, Marine  
  125  8:12  Marine  
  125  8:15  Marauder  
  123  8:20  Marine  
  123  8:21  Marine  
  123  8:26  Marauder x2  
  122  8:27  Marine  
  122  8:32  Marine  
  116  8:36  Marauder  
  116  8:38  Marine x2  
  115  8:45  Marine  
  115  8:47  Marauder  
  115  8:48  Marauder  
  113  8:49  Marine  
  113  8:50  SCV  
  113  8:51  SCV  
  113  8:53  Command Center, Refinery  
  113  8:54  Refinery  
  116  8:56  Factory, Widow Mine x2, Marine  
  116  8:57  Armory, Engineering Bay, Barracks, Marauder  
  116  8:58  Barracks  
  116  9:02  Marine  
  124  9:03  Marine  
  124  9:09  Supply Depot  
  125  9:10  Supply Depot  
  125  9:11  Supply Depot  
  125  9:16  SCV x2  
  125  9:18  Marauder  
  125  9:24  Marauder x2  
  107  9:25  Widow Mine  
  107  9:28  Marine  
  107  9:29  Marine x2  
  107  9:31  SCV x2  
  106  9:40  Marauder  
  106  9:45  Factory Tech Lab, Widow Mine, Marauder x2  
  112  9:46  Medivac x2  
  112  9:47  Barracks Tech Lab x2  
  112  9:51  Marine x4  
  122  9:53  Widow Mine  
  122  9:59  Supply Depot  
  124  10:00  Supply Depot  
  124  10:01  Marauder  
  124  10:06  Marauder x2  
  130  10:09  Marine x3  
  133  10:16  Widow Mine x2  
  133  10:17  Drilling Claws  
  134  10:22  Marauder, Widow Mine  
  134  10:27  Terran Infantry Armor Level 2, Terran Infantry Weapons Level 2, Marine  
  134  10:28  Marauder x3  
  139  10:42  Supply Depot, Sensor Tower  
  139  10:48  Widow Mine  
  139  10:49  Widow Mine  
  143  10:50  Widow Mine, Medivac x2  
  143  10:51  Marine x3  
  143  10:52  Marine, Marauder x4  
  143  10:56  Terran Vehicle And Ship Armor Level 1  
  143  11:22  Marine  
  143  11:23  Marauder x2, Marine x2  
  143  11:24  Marauder  
  152  11:31  Planetary Fortress  
  148  11:37  Marine x2  
  148  11:38  Marauder  
  146  11:40  Marine  
  146  11:41  Marine  
  146  11:45  Marauder x3  
  150  11:48  Widow Mine, Marine  
  150  11:49  Widow Mine  
  153  11:55  Marine  
  153  11:56  Marauder  
  153  11:59  Marauder  
  157  12:03  SCV x2  
  157  12:06  Marauder  
  160  12:13  Marine x2  
  160  12:14  Marauder, Marine  
  164  12:19  Marauder x2  
  164  12:21  Missile Turret  
  168  12:31  Sensor Tower  
  168  12:32  Widow Mine  
  168  12:33  Widow Mine  
  172  12:40  Supply Depot  
  172  12:45  Marine  
  172  12:46  Marauder x2  
  172  12:47  Marauder  
  172  12:48  Marine x3  
  172  12:49  Marauder  
  172  12:50  Widow Mine  
  172  12:51  Medivac  
  168  12:53  Marine  
  148  13:01  Widow Mine  
  148  13:03  Marine  
  138  13:06  Marine x3  
  138  13:08  Marauder x3  
  138  13:11  Marauder x2  
  135  13:21  Marine  
  135  13:24  Marine x3  
  118  13:29  Marauder x2  
  118  13:30  Marauder  
  118  13:32  Marauder, Marine  
  113  13:39  Marine  
  114  13:41  Marine x3  
  117  13:50  Marauder x3, Widow Mine x3  
  117  13:51  Marauder  
  117  13:53  Marine  
  132  13:56  Marine, Medivac x2  
  132  13:59  Marine x3  
  140  14:04  Orbital Command  
  138  14:11  Marauder  
  138  14:12  Marine, Marauder x3  
  138  14:14  Marine  
  137  14:17  Marine x3  
  137  14:18  Widow Mine x2, Orbital Command  
  139  14:30  Marauder  
  141  14:32  Marine x2  
  141  14:33  Marauder, Marine  
  141  14:50  Marine  
  141  14:51  Marauder, Marine  
  91  15:35  Marine x3  
  74  15:36  Marauder  
  76  15:57  Orbital Command  
  76  16:27  Missile Turret  
  76  16:29  Marauder  
  70  16:53  Marauder x2  
  70  16:54  Marauder  
  46  17:30  Marauder x2  
  50  17:37  Marauder  
  50  17:51  Marine  
  50  17:52  Marine x3  
  53  18:11  Marine x4  
  45  18:37  Marauder x3  
  47  18:53  Marine x4  
  51  18:59  Marine  
  40  19:44  Medivac  
  14  19:54  Marauder  
  14  19:56  Marauder, Marine  
Tags
 
Add a new tag
Caveats
  • Supply blocks, unpowered buildings, or Contaminate may cause inaccurate times.
  • Supply counts are checked every 10 seconds.